AoeStats
← demballs

Arabia

507734026Analyzed
1v1 RM · 1mo ago on Sep 19, 2026· 51m 4s· 2 players
Game mode
Random Map
Map size
Tiny (2 player)
Population
200
Speed
Normal
Resources
Standard
Victory
Conquest
Starting age
Dark Age
Ending age
Imperial Age
RankedLock teamsTeams togetherTeam positionsShared explorationLock speedFull tech treeHidden civsTurbo modeCheats
Victory
Defeat
🇹🇼 Japanese · Taiwan
1448
+17
vs
🇫🇮 Persians · Finland
1475
-17
FunKyeAoE
5:38 Loom
11:58 Feudal Age
12:37 Horse Collar
12:42 Double-Bit Axe
12:19 Man-at-Arms
20:55 Castle Age
19:23 Fletching
19:41 Gold Mining
21:22 Wheelbarrow
21:18 Padded Archer Armor
22:03 Bow Saw
21:18 Crossbowman
22:09 Bodkin Arrow
23:26 Ballistics
23:01 Town Watch
25:12 Leather Archer Armor
27:12 Heavy Plow
30:51 Imperial Age
31:03 Imperial Age
29:34 Thumb Ring
30:46 Stone Mining
30:48 Guard Tower
31:06 Arbalester
31:52 Bracer
32:50 Hand Cart
35:58 Ring Archer Armor
36:37 Keep
36:26 Yasama
36:19 Treadmill Crane
37:02 Arrowslits
38:53 Chemistry
39:01 Conscription
41:42 Murder Holes
43:18 Scale Mail Armor
43:22 Squires
43:07 Arson
44:49 Chain Mail Armor
44:44 Forging
45:25 Elite Samurai
47:48 Plate Mail Armor
47:53 Iron Casting
48:33 Masonry
48:29 Siege Engineers
51:11 Two-Man Saw
52:14 Blast Furnace
demballs
6:57 Loom
9:41 Feudal Age
10:19 Double-Bit Axe
21:34 Castle Age
19:54 Fletching
20:04 Horse Collar
21:39 Wheelbarrow
22:47 Wheelbarrow
23:11 Bow Saw
22:30 Crossbowman
23:48 Bodkin Arrow
29:38 Elite Skirmisher
33:57 Stone Mining
34:16 Town Watch
35:19 Gold Mining
38:24 Hand Cart
43:07 Imperial Age
42:03 Heavy Plow
43:32 Scale Barding Armor
45:08 Chain Barding Armor
44:31 Elite Skirmisher
46:12 Masonry
49:25 Padded Archer Armor
50:27 Chemistry
49:49 Capped Ram
49:53 Heavy Scorpion
50:53 Leather Archer Armor
Connection lost

Rejoining the realm…

Still unreachable

The connection could not be restored.

Session expired

The server has moved on; the page needs a fresh start.